 Dungeon Crawl Stone Soup version 0.29-a0-284-gf9362112df (webtiles) character file.

Game seed: 18113587892909916160

188 sammy202020 the Skirmisher (level 5, -4/51 HPs)
             Began as a Gargoyle Berserker on Mar 21, 2022.
             Was a Believer of Trog.
             Slain by a wyvern (11 damage)
             ... on level 4 of the Dungeon.
             The game lasted 00:04:37 (3024 turns).

sammy202020 the Skirmisher (Gargoyle Berserker)     Turns: 3024, Time: 00:04:38

Health: -4/51      AC: 15    Str: 21    XL:     5   Next: 67%
Magic:  5/5        EV:  8    Int:  9    God:    Trog [**....]
Gold:   269        SH:  0    Dex:  9    Spells: 4/4 levels left

rFire   . . .      SeeInvis .   c - +0 flail
rCold   . . .      Faith    .   (no shield)
rNeg    + . .      Spirit   .   l - +0 chain mail
rPois   ∞          Reflect  .   (no helmet)
rElec   +          Harm     .   (no cloak)
rCorr   .          Rampage  .   (no gloves)
Will    ++...                   h - +1 pair of boots
Stlth   ..........              (no amulet)
HPRegen 1.17/turn               (no ring)
MPRegen 0.09/turn               (no ring)

@: berserking, strong-willed, regenerating, very quick
A: sickness immunity, AC +4, negative energy resistance 1, electricity
resistance, torment resistance 1, petrification resistance
a: Renounce Religion, Berserk, Trog's Hand


You were on level 4 of the Dungeon.
You worshipped Trog.
Trog was pleased with you.
You visited 1 branch of the dungeon, and saw 4 of its levels.

You collected 269 gold pieces.

Inventory:

Hand Weapons
 c - a +0 flail (weapon)
 p - a +0 flail
Missiles
 i - 3 boomerangs (quivered)
Armour
 e - a +0 ring mail
 f - a +0 hat
 h - a +1 pair of boots (worn)
 l - a +0 chain mail (worn)
Jewellery
 a - a ring of see invisible
 m - a ring of positive energy
Wands
 q - a wand of paralysis (8)
Scrolls
 b - a scroll of magic mapping {unknown}
 g - 4 scrolls of identify {unknown}
 k - a scroll of enchant armour {unknown}
 o - a scroll of blinking {unknown}
Potions
 d - a potion of invisibility {unknown}
 j - a potion of haste {unknown}
 n - 2 potions of heal wounds {unknown}


   Skills:
 * Level 4.5 Fighting
 * Level 4.1 Maces & Flails
 * Level 3.8 Armour
 + Level 2.1 Dodging


You had 4 spell levels left.
You didn't know any spells.
Your spell library was empty.

Dungeon Overview and Level Annotations

Branches:
Dungeon (4/15)
 Temple: D:4-7

Altars:

Shops:
D:1 *


Innate Abilities, Weirdness & Mutations

You are immune to sickness and miasma.
Your stone body is resilient. (AC +4)
You are immune to poison.
You resist negative energy. (rN+)
You are resistant to electric shocks. (rElec)
You are resistant to unholy torment.
You are immune to petrification.


Message History

The adder bites you but does no damage. x2
You closely miss the adder.
The adder is severely wounded.
The adder bites you but does no damage.
You sock the adder!
You kill the adder!
Trog accepts your kill.
HP restored.
Found 8 stones.
g - 4 scrolls labelled ZIUTON UKHUAPP (gained 1)
You now have 255 gold pieces (gained 5).
Found a morningstar.
Found a stone staircase leading down.
You now have 269 gold pieces (gained 14).
There is a stone staircase leading down here.
A wyvern comes into view.
The wyvern hisses angrily.
The wyvern bites you!
The wyvern bites you but does no damage.
You see here a +0 morningstar.
Your skin crawls.
You feel strong-willed. The wyvern bites you.
You completely miss the wyvern. The wyvern misses you.
The wyvern completely misses you.
You hit the wyvern.
The wyvern is lightly wounded.
The wyvern bites you but does no damage.
The wyvern bites you.
You barely miss the wyvern.
The wyvern is lightly wounded.
The wyvern bites you but does no damage.
The wyvern bites you.
You hit the wyvern but do no damage.
The wyvern is lightly wounded.
The wyvern bites you. The wyvern bites you!
* * * LOW HITPOINT WARNING * * *
A red film seems to cover your vision as you go berserk!
You feel yourself moving faster!
You feel mighty! The wyvern bites you!
You die...

### ##..## ##.....
#......
.....######
#..l##..#
#..@#...###
#.........#
##......>..##
#...........#
...........#..##
....#....####..#
.##..#.....###..##
#.##...........#
...#.......#.###


You could see a wyvern.

Vanquished Creatures
  Pargi (D:3)
  2 adders
  An ufetubus (D:3)
  2 dart slugs (D:3)
  6 orcs (D:3)
  9 ball pythons
  3 endoplasms
  A giant cockroach (D:2)
  5 goblins
  3 hobgoblins
  7 jackals
  4 kobolds
  5 quokkas
  4 bats
  3 frilled lizards (D:2)
  A rat (D:1)
57 creatures vanquished.

Vanquished Creatures (others)
  17 plants (D:2)
17 creatures vanquished.

Grand Total: 74 creatures vanquished

Notes
Turn   | Place    | Note
-------+----------+-------------------------------------------
     0 | D:1      | sammy202020 the Gargoyle Berserker began the quest for the
                  | Orb.
     0 | D:1      | Reached XP level 1. HP: 14/14 MP: 1/1
   228 | D:1      | Reached XP level 2. HP: 19/19 MP: 2/2
   475 | D:1      | Found Lurphorph's Assorted Antiques.
   784 | D:1      | Reached XP level 3. HP: 24/24 MP: 3/3
   830 | D:1      | Reached ** piety under Trog
  1754 | D:2      | Found a faded altar of an unknown god.
  2059 | D:3      | Reached XP level 4. HP: 28/29 MP: 4/4
  2366 | D:3      | Noticed Pargi
  2373 | D:3      | Killed Pargi
  2374 | D:3      | Reached XP level 5. HP: 34/34 MP: 5/5
  3017 | D:4      | Noticed a wyvern
  3024 | D:4      | Slain by a wyvern

Illustrated notes

Levels and vault maps discovered:
D:1:      dpeg_arrival_shrine, layout_loops_ring, serial_shops,
          nicolae_shop_overgrown_old_shop, supply_closet_lemuel,
          dreamdust_wishing_well, chequers_serial_rivers_micro_b,
          eino_curves_04, minmay_pentomino_s2
D:2:      layout_basic, shapermc_ecumenical_altar_petra, serial_bayou_lagoon_a
D:3:      layout_loops_cross, minmay_misc_feat_iff, uniq_pargi
D:4:      minmay_angry_zag, layout_cave_pools

Skill      XL: |  1  2  3  4 |
---------------+-------------+-----
Armour         | 3 |  3.8
Fighting       | 4 |  4.5
Maces & Flails | 4 |  4.1
Dodging        | 2 |  2.1

Action                   |  1- 3 |  4- 6 || total
-------------------------+-------+-------++-------
Melee: Mace              |    11 |       ||    11
       Flail             |   124 |    62 ||   186
       Punch             |     2 |     3 ||     5
Invok: Berserk           |       |     2 ||     2
       Trog's Hand       |       |     1 ||     1
Armor: Animal skin       |    10 |       ||    10
       Ring mail         |    70 |       ||    70
       Chain mail        |    11 |    51 ||    62
Dodge: Dodged            |    85 |    26 ||   111

Table legend: (Time is in decaauts)
 A = Elapsed time spent in this place.
 B = Non-inter-level travel time spent in this place.
 C = Inter-level travel time spent in this place.
 D = Time resting spent in this place.
 E = Time spent auto-exploring this place.
 F = Levels seen in this place.
 G = Mean time per level.
                   A        B        C        D        E       F      G
               +--------+--------+--------+--------+--------+-----+--------+
         Total |   3103 |   3020 |     83 |     28 |   2414 |   4 |  775.8 |
       Dungeon |   3103 |   3020 |     83 |     28 |   2414 |   4 |  775.8 |
               +--------+--------+--------+--------+--------+-----+--------+

Top non-repeatable levels by time:
     D:1: 1176 daAuts
     D:3: 962 daAuts
     D:2: 897 daAuts
     D:4: 66 daAuts
